 Dungeon Crawl Stone Soup version 0.25.1-2-g60ff931df9 (console) character file.

Game seed: 4146015983908539359

23 Colgate the Chiller (level 3, 26/28 HPs)
             Began as a Naga Ice Elementalist on Aug 22, 2020.
             Quit the game on level 1 of the Dungeon.
             The game lasted 00:08:23 (936 turns).

Colgate the Chiller (Naga Ice Elementalist)          Turns: 936, Time: 00:08:23

Health: 26/28      AC:  2    Str: 10    XL:     3   Next: 0%
Magic:  4/6        EV: 10    Int: 16    God:
Gold:   106        SH:  0    Dex: 11    Spells: 5/6 levels left

rFire    . . .     SeeInvis +   l - +0 short sword
rCold    . . .     Gourm    .   (no shield)
rNeg     . . .     Faith    .   e - +0 robe (curse)
rPois    +         Spirit   .   (no helmet)
rElec    .         Reflect  .   (no cloak)
rCorr    .         Harm     .   (no gloves)
MR       .....                  (no barding)
Stlth    ++........             (no amulet)
HPRegen  0.09/turn              (no ring)
MPRegen  0.10/turn              (no ring)

@: very slow
A: large, see invisible, deformed body, poison resistance, slowness 2, slow
metabolism 1, spit poison 1, AC +1
a: Spit Poison


You were on level 1 of the Dungeon.
You were not hungry.

You visited 1 branch of the dungeon, and saw 1 of its levels.

You collected 106 gold pieces.

Inventory:

Hand Weapons
 l - a +0 short sword (weapon)
Missiles
 d - 60 stones (quivered)
 h - 19 bolts
Armour
 a - a +0 robe
 e - a cursed +0 robe (worn)
Scrolls
 j - a scroll of immolation {unknown}
 k - a scroll of magic mapping {unknown}
Potions
 b - a potion of haste {unknown}
 g - a potion of heal wounds {unknown}
 i - a potion of lignification {unknown}
Comestibles
 c - a ration
 f - 5 chunks of flesh


   Skills:
 - Level 1.5 Dodging
 - Level 3.0 Stealth
 - Level 2.0 Spellcasting
 + Level 4.9 Ice Magic


You had 5 spell levels left.
You knew the following spells:

 Your Spells              Type           Power        Failure   Level  Hunger
a - Freeze                Ice            ###.         2%          1    #......

Your spell library contained the following spells:

 Spells                   Type           Power        Failure   Level  Hunger
 Frozen Ramparts          Ice            ###...       9%          3    ###....
 Ozocubu's Armour         Chrm/Ice       #.......     22%         3    ###....
 Hailstorm                Conj/Ice       #.......     58%         4    #####..
 Summon Ice Beast         Ice/Summ       #.......     58%         4    #####..


Dungeon Overview and Level Annotations

Branches:
Dungeon (1/15)

Altars:


Innate Abilities, Weirdness & Mutations

You cannot wear boots.
Your serpentine skin is tough. (AC +1)
You have supernaturally acute eyesight. (SInv)
Armour fits poorly on your strangely shaped body.
Your system is resistant to poisons. (rPois)
You cover ground very slowly.
You have a slow metabolism.
You can spit poison.


Message History

Found a whip.
A leopard gecko comes into view.
You see here a whip.
The leopard gecko bites you.
Casting: Freeze (safe; 3% risk of failure)
Confirm with . or Enter, or press ? or * to list all spells.
Aiming: Freeze (safe; 3% risk of failure)
Press: ? - help, Shift-Dir - straight line, f - leopard gecko
Aim: a leopard gecko You freeze the leopard gecko!
You kill the leopard gecko!
You have reached level 3!
Your experience leads to an increase in your attributes!
Increase (S)trength, (I)ntelligence, or (D)exterity?
You feel clever.
Your skin feels tougher.
Okay, then.
Okay, then.
Welcome back, Colgate the Naga Ice Elementalist.
Press ? for a list of commands and other information.
Are you sure you want to abandon this character and quit the game? (Confirm with "yes".)

..............
#+#..#.........
#...##...######
#......#######
#...#>........
#...#..#######
#...#..#
#......#
##########.#
#..).##....#
#@##.##.####
#.....#....#
############


There were no monsters in sight!

Vanquished Creatures
  A dart slug (D:1)
  A leopard gecko (D:1)
  2 giant cockroaches (D:1)
  3 goblins (D:1)
  3 hobgoblins (D:1)
  4 jackals (D:1)
  2 kobolds (D:1)
16 creatures vanquished.

Notes
Turn   | Place    | Note
-------+----------+-------------------------------------------
     0 | D:1      | Colgate the Naga Ice Elementalist began the quest for the
                  | Orb.
     0 | D:1      | Reached XP level 1. HP: 15/15 MP: 3/3
   236 | D:1      | Reached XP level 2. HP: 22/22 MP: 1/5
   935 | D:1      | Reached XP level 3. HP: 25/28 MP: 4/6
   936 | D:1      | Quit the game

Illustrated notes

Levels and vault maps discovered:
D:1:      evilmike_arrival_rings, layout_basic

Action                   || total
-------------------------++-------
Melee: Unarmed           ||     1
Throw: Stone             ||    11
 Cast: Freeze            ||    16
 Abil: Spit Poison       ||     9
 Stab: Sleeping          ||     1
Armor: Robe              ||     2
Dodge: Dodged            ||     9
